 Dungeon Crawl Stone Soup version 0.17-a0-18-gc25b939 (webtiles) character file.

224 JacquesDerrida the Caller (level 6, -13/41 HPs)
             Began as a Merfolk Summoner on Mar 7, 2015.
             Was an Initiate of Ashenzari.
             Killed by divine providence
             ... invoked by an orc priest
              (14 damage)
             ... on level 4 of the Dungeon.
             The game lasted 00:10:42 (2745 turns).

JacquesDerrida the Caller (Merfolk Summoner)        Turns: 2745, Time: 00:10:42

Health: -13/41     AC:  4    Str:  9    XL:     6   Next: 0%
Magic:  8/10       EV: 13    Int: 16    God:    Ashenzari [......]
Gold:   132        SH:  0    Dex: 14    Spells: 2 memorised, 4 levels left

rFire  . . .     SeeInvis .     v - +0 trident
rCold  . . .     Clarity  .     a - +0 robe
rNeg   . . .     SustAb   .     (no shield)
rPois  .         Gourm    .     q - +0 helmet (curse)
rElec  .         Spirit   .     (no cloak)
rCorr  .         Warding  .     j - +0 pair of gloves (curse)
rMut   .         Stasis   .     (no boots)
MR     .....                    (no amulet)
Stlth  ++........               (no ring)
                                o - ring of teleport control

@: not resistant to hostile enchantments, unstealthy
A: change form in water, swift swim
a: Renounce Religion, Evoke Teleport Control


You were on level 4 of the Dungeon.
You worshipped Ashenzari.
Ashenzari was noncommittal.
You were not hungry.

You visited 2 branches of the dungeon, and saw 5 of its levels.

You collected 132 gold pieces.

Inventory:

Hand weapons
 d - a +0 dagger
 v - a +0 trident (weapon)
Armour
 a - a +0 robe (worn)
 j - a cursed +0 pair of gloves (worn)
 q - a cursed +0 helmet (worn)
Jewellery
 o - a ring of teleport control (left hand)
Magical devices
 s - a wand of polymorph (0)
Scrolls
 g - a scroll of curse armour
 h - 3 scrolls of curse jewellery
 k - 2 scrolls of fog
 n - 3 scrolls of curse weapon
Potions
 e - a potion of resistance
 f - a potion of might {unknown}
 l - a potion of ambrosia {unknown}
 m - a potion of agility {unknown}
 p - a potion of haste {unknown}
 u - a potion of lignification {unknown}
Books
 b - a book of Callings

   Spells                             Type                      Level
   a - Summon Small Mammal            Summoning                    1
   b - Call Imp                       Summoning                    2
   c - Call Canine Familiar           Summoning                    3
   d - Summon Guardian Golem          Hexes/Summoning              4
   e - Summon Lightning Spire         Summoning/Air                4
   f - Summon Ice Beast               Ice/Summoning                4
Comestibles
 c - 6 bread rations
 i - a chunk of flesh
 t - a meat ration


   Skills:
 + Level 1.1 Polearms
 - Level 2.6 Dodging
 - Level 2.1 Stealth
 - Level 2.0 Spellcasting
 + Level 6.9 Summonings


You had 4 spell levels left.
You knew the following spells:

 Your Spells              Type           Power        Failure   Level  Hunger
b - Call Imp              Summ           ###.....     1%          2    ###....
c - Call Canine Familiar  Summ           ###.....     4%          3    ###....


Dungeon Overview and Level Annotations

Branches:
Dungeon (4/15)             Temple (1/1) D:4

Altars:
Ashenzari
Cheibriados
Dithmenos
Elyvilon
Fedhas
Kikubaaqudgha
Makhleb
Nemelex Xobeh
Qazlal
Ru
Sif Muna
Vehumet
Xom
Yredelemnul
The Shining One


Message History

You hit the orc priest but do no damage.
The orc priest is almost dead.
The quokka misses you.
Your hound barely misses the orc priest.
The orc priest hits you.
* * * LOW HITPOINT WARNING * * *
The orc priest hits you but does no damage.
The quokka misses you.
Your hound bites the orc priest.
The orc priest dies!
Your Polearms skill increases to level 1!
You have reached level 6!
Your experience leads to an increase in your attributes!
Increase (S)trength, (I)ntelligence, or (D)exterity?
You feel clever.
The orc hits you from afar with a trident.
* * * LOW HITPOINT WARNING * * *
Unknown command.
The orc priest mumbles some strange prayers to Beogh against you.
Something smites you!
You die...

#.......###....#
#.#.o.....#... #########
#....# #.#5###.#.#... #....#
#.#.# #...#... #########....#
#.#.######....
.........#######.#...5hoZ.<..
...................######....
.................... ......
..........(....(..# ###....
#####.....h@......# #....
#....[........# #....
#..gK.or......# #....
.....o.........%. .....
................. ....
......#######.... ).... ...
.... . ...


You could see an orc priest, an orc, a quokka, a goblin, a kobold and a friendly
hound.

Vanquished Creatures
  A worm (D:1)
  An adder skeleton (D:4)
  A giant gecko (D:1)
  2 orcs (D:4)
  4 kobolds
  6 bats
  6 goblins
  An orc skeleton (D:4)
  7 rats
29 creatures vanquished.

Vanquished Creatures (collateral kills)
  An ice beast (D:3)
  A gnoll shaman (D:4)
  2 orc priests (D:4)
  An orc wizard (D:3)
  A river rat (D:3)
  2 adders
  3 gnolls (D:4)
  A shadow imp (D:4)
  3 worms
  2 giant geckos
  11 orcs
  2 ball pythons
  4 giant cockroaches
  5 goblins
  4 hobgoblins
  8 jackals
  A kobold (D:3)
  3 bats
  A giant newt (D:1)
  2 quokkas
  3 rats
61 creatures vanquished.

Vanquished Creatures (others)
  6 hounds
  2 white imps (D:4)
  2 quokkas (D:1)
  2 rats (D:1)
12 creatures vanquished.

Grand Total: 102 creatures vanquished

Notes
Turn   | Place    | Note
--------------------------------------------------------------
     0 | D:1      | JacquesDerrida, the Merfolk Summoner, began the quest for the Orb.
     0 | D:1      | Reached XP level 1. HP: 13/13 MP: 3/3
   114 | D:1      | Reached XP level 2. HP: 19/19 MP: 4/4
   118 | D:1      | Learned a level 2 spell: Call Imp
   486 | D:1      | Reached XP level 3. HP: 24/24 MP: 3/6
   491 | D:1      | Learned a level 3 spell: Call Canine Familiar
   703 | D:2      | Reached skill level 5 in Summonings
   956 | D:2      | Found a white marble altar of Elyvilon.
   960 | D:2      | Found a snail-covered altar of Cheibriados.
   963 | D:2      | Found a deep blue altar of Sif Muna.
  1487 | D:3      | Reached XP level 4. HP: 21/30 MP: 7/7
  1569 | D:3      | Noticed an ice beast
  1594 | D:3      | Killed an ice beast
  1594 | D:3      | Reached skill level 6 in Summonings
  1831 | D:4      | Reached XP level 5. HP: 26/35 MP: 3/9
  2537 | D:4      | Found a staircase to the Ecumenical Temple.
  2548 | Temple   | Entered the Ecumenical Temple
  2587 | Temple   | Became a worshipper of Ashenzari the Shackled
  2744 | D:4      | Reached skill level 1 in Polearms
  2744 | D:4      | Reached XP level 6. HP: 3/41 MP: 8/10
  2744 | D:4      | HP: 1/41 [orc/trident (2)]
  2745 | D:4      | Killed from afar by an orc priest

Action                   |  1- 3 |  4- 6 || total
-------------------------+-------+-------++-------
Melee: Dagger            |   115 |    27 ||   142
       Unarmed           |     1 |       ||     1
       Trident           |       |    13 ||    13
 Cast: Summon Small Mamm |     9 |       ||     9
       Call Imp          |     7 |     3 ||    10
       Call Canine Famil |    16 |    17 ||    33
Evoke: Wand              |       |     6 ||     6
  Use: Potion            |       |     2 ||     2
       Scroll            |       |     8 ||     8
 Stab: Sleeping          |     4 |     1 ||     5
       Distracted        |       |     2 ||     2
  Eat: Chunk             |     4 |     3 ||     7
       Meat ration       |       |     1 ||     1
